[Event "*** Titled Tuesday Blitz"]
[Site "Chess.com"]
[Date "2020.05.26"]
[Round "2"]
[White "rakshi2005"]
[Black "DanielDardha2005"]
[Result "0-1"]
[WhiteElo "2316"]
[BlackElo "2642"]
[TimeControl "180+1"]
[EndTime "10:17:39 PDT"]
[Termination "DanielDardha2005 won by resignation"]

1. e4 c5 2. Nf3 Nf6 3. Nc3 d5 4.
exd5 Nxd5 5. Be2 Nc6 6. O-O g6 7. Bc4 Nc7 8. a4 Bg7 9. d3 O-O 10. Re1 Rb8 11. Bf4 Ra8 12. Ne5 Nd4 13. h3 Be6 14. Bxe6 Ncxe6 15. Bh2 Rc8 16. Nc4 Bh6 17. Ne4 Bf4 18. Bxf4 Nxf4 19. Qd2 Nxh3+ 20. Kh2 f5 21.
Kxh3 fxe4 22. Rxe4 Qd5 23. Re5 Qf7 24. Rf1 Nf3 25. gxf3 Qxf3+ 26. Kh2 Rf4 27. Re4 Qh5+ 28. Kg2 Qg5+ 29. Kh2 Rcf8 30. Qe3 Qh4+ 31. Kg2 R8f5 32.
Rg1 Rxf2+ 0-1

[Event "*** Titled Tuesday Blitz"]
[Site "Chess.com"]
[Date "2020.05.26"]
[Round "2"]
[White "Xeniya2005"]
[Black "turayev_shahruh17"]
[Result "0-1"]
[WhiteElo "2278"]
[BlackElo "2512"]
[TimeControl "180+1"]
[EndTime "10:17:39 PDT"]
[Termination "turayev_shahruh17 won by resignation"]

1. e4 e6 2. d4 d5 3. Nd2 Nf6 4. e5 Nfd7 5. Bd3 c5 6. c3 Nc6 7. Ngf3 c4 8. Bc2 b5 9. O-O h6 10. b3 a5 11. a4 b4 12. cxb4 c3 13. b5 cxd2 14. bxc6 Nb8 15. Bxd2 Nxc6 16. Bd3 Ba6 17. Qe2 Bxd3 18. Qxd3 Nb4 19. Bxb4 Bxb4 20. Rac1 Qd7 21.
Rc2 O-O 22. Rfc1 Rfc8 23. h3 Ba3 24. Rxc8+ Rxc8 25. Rxc8+ Qxc8 26. Qb5 Bb4 27. Kh2 Qc2 28. Qe8+ Bf8 29. Qb5 Qc7 30. g3 g6 31. Kg2 Bb4 32. h4 Qc2 33. Qe8+ Kg7 34. Nh2 Qe4+ 35. Nf3 g5 36. hxg5 hxg5 37. Qd8 g4 38. Qg5+ Kh7 39. Qh5+ Kg7 40. Qg5+ Qg6 41. Qxg6+ Kxg6 42. Nh4+ Kg5 43. f4+ Kh5 44. Kf2 Bc3 45. Ke3 Be1 46. Ng2 Bxg3 47. b4 axb4 48. a5 b3 49. Kd3 b2 50. Kc2 Bf2 51.
Kxb2 Bxd4+ 52. Kc2 g3 53. Kd3 Ba7 54. Ke2 Kg4 55.
a6 Bb6 56. Ke1 Kf3 57. Kf1 d4 58. Ne1+ Kxf4 59. Kg2 Kxe5 60. Kxg3 f5 61. Kf3 Kd5 62. Nd3 e5 63. Nb4+ Kc5 64. Nd3+ Kd6 65. Nb4 e4+ 66. Kf4 d3 67. Na2 e3 0-1

[Event "*** Titled Tuesday Blitz"]
[Site "Chess.com"]
[Date "2020.05.26"]
[Round "2"]
[White "tgpgoat"]
[Black "TrenerChos"]
[Result "1/2-1/2"]
[WhiteElo "2069"]
[BlackElo "2374"]
[TimeControl "180+1"]
[EndTime "10:17:39 PDT"]
[Termination "Game drawn by repetition"]

1. e4 d5 2. exd5 Nf6 3. d4 Qxd5 4. Nf3 Bg4 5. Be2 Nc6 6. c3 O-O-O 7. O-O e5 8. dxe5 Qxd1 9. Rxd1 Rxd1+ 10. Bxd1 Bxf3 11.
Bxf3 Nxe5 12. Be2 Bc5 13. h3 Rd8 14. Bf4 Nd3 15. Bxd3 Rxd3 16. Nd2 Nd5 17. Ne4 Nxf4 18. Nxc5 Rd2 19. Re1 Re2 20. Rxe2 Nxe2+ 21. Kf1 Nf4 22. h4 b6 23. g3 bxc5 24. gxf4 Kd7 25. Ke2 Ke6 26. Kf3 Kf5 27. b4 cxb4 28. cxb4 c6 29. h5 h6 30. a4 g6 31. Kg3 Ke4 32. Kg4 a6 33. a5 Kd4 34. hxg6 fxg6 35. f5 gxf5+ 36.
Kxf5 Kc4 37. Kg6 Kxb4 38. f4 c5 39. f5 c4 40. f6 c3 41. f7 c2 42. f8=Q+ Kb3 43. Qxh6 Kb2 44. Qd2 Kb1 45. Qd3 Kb2 46. Qd2 Kb1 47. Qd3 Kb2 48. Qd4+ Kb1 49. Qd3 1/2-1/2

[Event "*** Titled Tuesday Blitz"]
[Site "Chess.com"]
[Date "2020.05.26"]
[Round "2"]
[White "m-garcett"]
[Black "MariaFominykh"]
[Result "0-1"]
[WhiteElo "1987"]
[BlackElo "2350"]
[TimeControl "180+1"]
[EndTime "10:17:40 PDT"]
[Termination "MariaFominykh won by resignation"]

1. e4 d6 2. d4 Nf6 3. Nc3 e5 4. Nf3 Nbd7 5. Bc4 Be7 6. O-O O-O 7. Be3 c6 8. dxe5 dxe5 9. h3 b5 10. Bb3 b4 11. Na4 Nxe4 12. Re1 Nef6 13. Bg5 Qc7 14.
Qe2 Bd6 15. Rad1 Re8 16. Qd2 Bf8 17. Bxf6 Nxf6 18. Ng5 Re7 19. Qxb4 Bf5 20. Qc4 h6 21. Nf3 Rae8 22. Nc5 Nd5 23. Ne4 Nf4 24. Ng3 Be6 25.
Qc3 Bd5 26. Bxd5 Nxd5 27. Qb3 Re6 28. Ne4 Rg6 29. Ng3 Nf4 30. Rd2 Bc5 31. Red1 Rxg3 32. Qc4 Rxg2+ 33. Kh1 Qc8 34. Qxc5 Qxh3+ 0-1

[Event "*** Titled Tuesday Blitz"]
[Site "Chess.com"]
[Date "2020.05.26"]
[Round "2"]
[White "VMikhalevski"]
[Black "mbachez"]
[Result "0-1"]
[WhiteElo "2735"]
[BlackElo "2519"]
[TimeControl "180+1"]
[EndTime "10:17:41 PDT"]
[Termination "mbachez won by resignation"]

1. Nf3 Nf6 2. g3 d5 3. Bg2 Bf5 4.
c4 c6 5. Qb3 Bc8 6. O-O g6 7.
d4 Bg7 8. Nc3 O-O 9. cxd5 Nxd5 10. Rd1 Nb6 11. Bf4 Be6 12. Qc2 Na6 13. a3 Nd5 14.
Bd2 Nxc3 15. Bxc3 Qb6 16. e4 Bb3 17. Qe2 Bxd1 18. Rxd1 Rac8 19. h4 Nc7 20. h5 Nb5 21.
hxg6 hxg6 22. Qe3 c5 23. d5 Nxc3 24. bxc3 Qb3 25. Rc1 Qxa3 26. e5 Rfd8 27. Ng5 Bxe5 28. Bh3 Rb8 29. Nxf7 Kxf7 30. Be6+ Kf6 31. Qf3+ Kg7 32.
Qf7+ Kh6 33. Re1 Rf8 34. Qxe7 Bf6 35. Qc7 Qxc3 36. Re4 Rbd8 37. Kg2 Qf3+ 38. Kxf3 Be5+ 39. Kg4 Bxc7 40. f4 Bd6 41. Ra4 a6 42. Ra1 Rb8 43. Kf3 Rf6 44. Ke4 Kg7 45. Kd3 Re8 46. Re1 b5 47.
Ke4 Rfxe6+ 48. dxe6 Rxe6+ 49. Kd5 Rxe1 50. Kxd6 Re3 51.
Kxc5 Rxg3 0-1

[Event "*** Titled Tuesday Blitz"]
[Site "Chess.com"]
[Date "2020.05.26"]
[Round "2"]
[White "SoltaniciR"]
[Black "zala02"]
[Result "1-0"]
[WhiteElo "2451"]
[BlackElo "2234"]
[TimeControl "180+1"]
[EndTime "10:17:41 PDT"]
[Termination "SoltaniciR won on time"]

1. e4 c5 2. Nf3 Nc6 3. Nc3 e5 4. Bc4 Be7 5. d3 Nf6 6. Nd2 d6 7. Nf1 a6 8. a4 Nd4 9. Ne3 Be6 10.
Ncd5 O-O 11. O-O Bxd5 12. Nxd5 Nxd5 13. Bxd5 Rb8 14. f4 b5 15. axb5 axb5 16. fxe5 dxe5 17. Ra7 Bf6 18. c3 Ne6 19. Qg4 Nc7 20. Rxc7 Qxc7 21.
Rxf6 Kh8 22. Rf5 Rb6 23. Qf3 f6 24. Qf1 Ra6 25. g4 b4 26. c4 g6 27. Rf2 Qd7 28. h3 Rd6 29. Bh6 Rd8 30. Rxf6 Qe7 31. Rxd6 1-0

[Event "*** Titled Tuesday Blitz"]
[Site "Chess.com"]
[Date "2020.05.26"]
[Round "2"]
[White "pastouche06"]
[Black "Quiet_Desperation"]
[Result "1/2-1/2"]
[WhiteElo "2418"]
[BlackElo "2208"]
[TimeControl "180+1"]
[EndTime "10:17:41 PDT"]
[Termination "Game drawn by repetition"]

1. d4 Nf6 2. c4 e6 3. Nc3 Bb4 4. f3 d5 5. a3 Be7 6. cxd5 exd5 7. e4 dxe4 8. fxe4 O-O 9. Nf3 Bg4 10. Be2 Re8 11. O-O c5 12. d5 Bd6 13. Bg5 Nbd7 14. h3 Bh5 15. Nh4 Bg6 16. Nf5 Bxf5 17. Rxf5 h6 18. Bh4 g5 19. Bf2 Nxe4 20. Nxe4 Rxe4 21. Bd3 Re5 22. Qh5 Rxf5 23. Bxf5 Kg7 24. h4 Nf6 25. Qf3 Qb6 26. hxg5 hxg5 27. b4 Qc7 28. Be3 Be5 29. Rc1 Bf4 30. Rxc5 Qe5 31. Bxf4 gxf4 32. d6 Qe1+ 33. Kh2 Rh8+ 34. Bh3 Qg3+ 35. Qxg3+ fxg3+ 36. Kxg3 Ne4+ 37. Kf4 Nxc5 38. bxc5 Kf6 39. Ke4 Rh4+ 40. Kd5 Rh5+ 41. Kd4 Rh4+ 42. Kd5 Rh5+ 43. Kd4 Rh4+ 44. Kd5 1/2-1/2

[Event "*** Titled Tuesday Blitz"]
[Site "Chess.com"]
[Date "2020.05.26"]
[Round "2"]
[White "louis198"]
[Black "Volodar_Murzin"]
[Result "1-0"]
[WhiteElo "2496"]
[BlackElo "2709"]
[TimeControl "180+1"]
[EndTime "10:17:42 PDT"]
[Termination "louis198 won by resignation"]

1. d4 Nf6 2. Bf4 g6 3. e3 Bg7 4.
h3 O-O 5. Nf3 d6 6. Bc4 Nbd7 7.
O-O a6 8. a4 b6 9. Nbd2 Bb7 10.
c3 Ne4 11. Nxe4 Bxe4 12. Nd2 Bb7 13. b4 c5 14. Qb3 cxd4 15. cxd4 Nf6 16. Rfc1 Qd7 17. Bh2 b5 18. axb5 axb5 19. Be2 Nd5 20. Bf3 Nb6 21. Ra5 Bxf3 22. Nxf3 Nc4 23. Ra2 Rfc8 24. Rca1 Rxa2 25. Qxa2 e5 26. Bg3 exd4 27.
exd4 Qc6 28. Qa7 Bf8 29. Ra6 Qd5 30. Qd7 Rb8 31. Ra7 Nb6 32. Qc7 Rc8 33. Qxb6 Rc1+ 34. Kh2 Qb3 35. Ra8 Qd1 36. Rxf8+ Kxf8 37. Qxd6+ Kg8 38.
Qd8+ Kg7 39. Be5+ 1-0

[Event "*** Titled Tuesday Blitz"]
[Site "Chess.com"]
[Date "2020.05.26"]
[Round "2"]
[White "northridgehawk"]
[Black "CaspiIsrael"]
[Result "0-1"]
[WhiteElo "2185"]
[BlackElo "2619"]
[TimeControl "180+1"]
[EndTime "10:17:42 PDT"]
[Termination "CaspiIsrael won by resignation"]

1. e4 d5 2. exd5 Qxd5 3. Nf3 Bg4 4. Be2 Nc6 5. d4 O-O-O 6. c4 Qf5 7. Be3 Bxf3 8.
Bxf3 Nxd4 9. Bxd4 Qe6+ 10. Be2 Qe4 11. O-O Qxd4 12. Qa4 e6 13. Nc3 Qb6 14. Rfd1 Rxd1+ 15. Rxd1 c6 16. Bf3 Nf6 17. a3 Bc5 18. Rd2 Rd8 19.
Rxd8+ Kxd8 20. Qc2 Ke7 21. Na4 Qa5 22. b4 Bxb4 23. axb4 Qxb4 24. h3 g5 25. Nb2 Qe1+ 26. Kh2 Qe5+ 27. g3 h5 28. Qe2 Qd4 29. Nd1 g4 30.
hxg4 hxg4 31. Bg2 a5 32. Ne3 Kd7 33. Qa2 Qc5 34. Qb2 Ne8 35. Qxb7+ Nc7 36. Nxg4 a4 37. Nf6+ Ke7 38. Ne4 Qh5+ 39. Kg1 Qd1+ 40. Bf1 Kd7 41.
Nc5+ Kd6 42. Ne4+ Kd7 43. Nf6+ Kd6 44. c5+ Ke7 45. Qxc7+ Kxf6 46. Qxc6 a3 47. Qa6 Qc1 48. Kg2 Qxc5 49. Qe2 Qd5+ 50. Qf3+ Qxf3+ 51. Kxf3 a2 52. Kg4 a1=Q 53. Be2 Qe1 54. Bf3 Qxf2 0-1

[Event "*** Titled Tuesday Blitz"]
[Site "Chess.com"]
[Date "2020.05.26"]
[Round "2"]
[White "levallem"]
[Black "elisak43"]
[Result "0-1"]
[WhiteElo "2144"]
[BlackElo "2409"]
[TimeControl "180+1"]
[EndTime "10:17:42 PDT"]
[Termination "elisak43 won on time"]

1. d4 d5 2. c4 Nf6 3. Nc3 dxc4 4. e4 e5 5. d5 Bd6 6. Bxc4 O-O 7. Nf3 c6 8. Bg5 h6 9. Bh4 cxd5 10. Nxd5 Qa5+ 11. Qd2 Qxd2+ 12. Nxd2 Nxd5 13. Bxd5 Nc6 14. O-O Nd4 15. Nc4 Bc7 16. Rfd1 Be6 17. f4 Ne2+ 18. Kf1 Nxf4 19. Be7 Rfe8 20. Bd6 Bxd5 21. exd5 Bxd6 22.
Nxd6 Red8 23. Nxb7 Rxd5 24. Rxd5 Nxd5 25. Nc5 Rc8 26. Rc1 Nb4 27. a3 Na6 28. b4 Nxc5 29. bxc5 Kf8 30. Ke2 Ke7 31. Kd3 Ke6 32. Kc4 e4 33. Rd1 f5 34. Rd6+ Ke5 35. Ra6 Rc7 36. g3 g5 37. c6 f4 38. Ra5+ Ke6 39. Kd4 e3 40. Re5+ Kf6 0-1

[Event "*** Titled Tuesday Blitz"]
[Site "Chess.com"]
[Date "2020.05.26"]
[Round "2"]
[White "lachesisQ"]
[Black "ClassyEl"]
[Result "1-0"]
[WhiteElo "3151"]
[BlackElo "2601"]
[TimeControl "180+1"]
[EndTime "10:17:43 PDT"]
[Termination "lachesisQ won by resignation"]

1. e4 d6 2. d4 Nf6 3. Nc3 c6 4. Nf3 Bg4 5. Be2 e6 6. O-O d5 7. h3 Bh5 8. e5 Nfd7 9. Ne1 Bg6 10. f4 c5 11. Nf3 Nc6 12. Be3 Rc8 13. a3 a6 14. Qd2 Be7 15. Nd1 cxd4 16. Nxd4 Nxd4 17. Bxd4 Rxc2 18. Qe3 Rc8 19. g4 Be4 20. Nc3 Nc5 21. Rad1 Bc2 22. Rc1 Nb3 23. Bb6 Nxc1 24. Bxd8 Bc5 25.
Qxc5 Rxc5 26. Rxc1 Kxd8 27. Rxc2 d4 28. Rd2 Ke7 29. Rxd4 h5 30. gxh5 Rd8 31. Rxd8 Kxd8 32. Kf2 Ke7 33. Ke3 Rc8 34. Bd1 Rd8 35. Bf3 b6 36. Ne4 Rc8 37. Kd2 Rd8+ 38. Nd6 Rg8 39.
Be2 a5 40. Nc4 g6 41. hxg6 Rxg6 42. Nxb6 Rg3 43. h4 Rh3 44. h5 Rb3 45. Nc4 1-0

[Event "*** Titled Tuesday Blitz"]
[Site "Chess.com"]
[Date "2020.05.26"]
[Round "2"]
[White "TokChess"]
[Black "PKCLUB"]
[Result "1/2-1/2"]
[WhiteElo "2319"]
[BlackElo "2629"]
[TimeControl "180+1"]
[EndTime "10:17:43 PDT"]
[Termination "Game drawn - insufficient material"]

1. Nf3 Nf6 2. g3 b5 3. Bg2 d5 4. O-O e6 5. d4 Nbd7 6. Bg5 h6 7. Bxf6 Nxf6 8. Nbd2 c5 9. c3 Bb7 10. Nb3 c4 11. Nbd2 Be7 12. Re1 O-O 13. Ne5 Rb8 14. e4 dxe4 15. Nxe4 Nxe4 16. Bxe4 Bxe4 17. Rxe4 Qd5 18.
Qe2 Rfc8 19. a3 a5 20. Ng4 b4 21. axb4 axb4 22. Re5 Qb7 23. d5 Bd6 24. Rxe6 fxe6 25. Qxe6+ Qf7 26. Qxd6 bxc3 27. bxc3 Rd8 28. Qe5 Qxd5 29.
Qxd5+ Rxd5 30. Ne3 Rd3 31. Nxc4 Rxc3 32. Ne3 Rcb3 33.
Ra4 Rf8 34. Ra2 Rb1+ 35. Kg2 Rc1 36. h4 Rd8 37. Rb2 Rc6 38. Rb4 Rd2 39. Rf4 Re6 40. Rf3 Ra2 41. Ng4 Ree2 42. Ne3 Ra7 43. Nf5 Rea2 44.
Ne3 Re7 45. Nf5 Rf7 46. Ne3 Rxf3 47. Kxf3 Ra5 48. Kg2 Kf7 49. Ng4 Ke6 50. Ne3 Ke5 51.
Ng4+ Ke4 52. Ne3 h5 53. Nc4 Ra2 54. Ne3 Rb2 55. Nc4 Re2 56. Ne3 Rxe3 57. fxe3 Kxe3 58.
g4 hxg4 59. Kg3 Ke4 60. Kxg4 Ke5 61. Kg5 Ke4 62. h5 Kf3 63. Kg6 Kg4 64. Kxg7 Kxh5 1/2-1/2

[Event "*** Titled Tuesday Blitz"]
[Site "Chess.com"]
[Date "2020.05.26"]
[Round "2"]
[White "Joshukid"]
[Black "AEMEffi"]
[Result "1-0"]
[WhiteElo "2618"]
[BlackElo "2298"]
[TimeControl "180+1"]
[EndTime "10:17:43 PDT"]
[Termination "Joshukid won on time"]

1. d4 Nf6 2. Nc3 d5 3. Bf4 c6 4. e3 Bf5 5. f3 e6 6. g4 Bg6 7. h4 h5 8. g5 Ng8 9. Bd3 Bxd3 10.
cxd3 Bd6 11. Nge2 Ne7 12. Qd2 Ng6 13. Bxd6 Qxd6 14. f4 Na6 15. Ng3 Ne7 16. e4 c5 17.
dxc5 Nxc5 18. e5 Qa6 19. Ke2 Nc6 20. Rhd1 Nb4 21. a3 Nbxd3 22. Kf3 Nb3 23. Qxd3 Qxd3+ 24. Rxd3 Nxa1 25. Nb5 O-O 26. Nd6 g6 27. Rc3 a6 28.
Ne2 b5 29. Nd4 a5 30. Rc1 b4 31. Rxa1 bxa3 32. Rxa3 Rfb8 33. b3 Rb4 34. Nc6 Rb6 35. Nxa5 Raa6 36. Ke3 1-0

[Event "*** Titled Tuesday Blitz"]
[Site "Chess.com"]
[Date "2020.05.26"]
[Round "2"]
[White "Andreikka"]
[Black "ThePatrick27"]
[Result "1-0"]
[WhiteElo "2940"]
[BlackElo "2580"]
[TimeControl "180+1"]
[EndTime "10:17:44 PDT"]
[Termination "Andreikka won by resignation"]

1. c4 Nf6 2. Nc3 g6 3. e4 d6 4. d4 Bg7 5. Nf3 O-O 6. Be2 e5 7. O-O Nc6 8. d5 Ne7 9. b4 a5 10. bxa5 Rxa5 11. a4 Ne8 12. Ba3 Bh6 13. Bb4 Ra8 14. c5 f5 15. cxd6 cxd6 16. Nd2 Nf6 17. Nc4 Ne8 18. Nb5 Ra6 19. Bf3 fxe4 20. Bxe4 Nf5 21. Ra3 Rf7 22. Qe2 Bf8 23. a5 Bd7 24.
Nb6 Bxb5 25. Qxb5 Nd4 26. Qd3 Nf6 27. Bc3 Nxe4 28. Bxd4 Nf6 29. Be3 Be7 30. h3 Qf8 31. Rc1 Bd8 32. Rc8 Rc7 33. Rxc7 Bxc7 34. Rc3 Bxb6 35.
Bxb6 Ra8 36. Rc7 Rc8 37. Rxb7 Rc1+ 38. Kh2 Qc8 39. a6 Rc3 40. Qb5 Qf5 41. Be3 Qh5 42. Rb8+ Kg7 43. Qb7+ 1-0

[Event "*** Titled Tuesday Blitz"]
[Site "Chess.com"]
[Date "2020.05.26"]
[Round "2"]
[White "Chepaschess"]
[Black "Sergey85Rodchenkov"]
[Result "1-0"]
[WhiteElo "2813"]
[BlackElo "2519"]
[TimeControl "180+1"]
[EndTime "10:17:44 PDT"]
[Termination "Chepaschess won by resignation"]

1. Nf3 d5 2. d4 Nf6 3. c4 dxc4 4. e3 e6 5. Bxc4 c5 6. O-O a6 7. Re1 Nc6 8. Nc3 Be7 9. dxc5 Qxd1 10. Rxd1 Bxc5 11.
Bd2 O-O 12. Rac1 Rd8 13. Be2 Ba7 14. Na4 Ne4 15. Be1 Rxd1 16. Rxd1 b5 17. Ne5 Bb7 18. Nxc6 Bxc6 19. Nc3 Nxc3 20. Bxc3 Bd5 21. Bf3 Bxf3 22.
gxf3 Bc5 23. Rd7 Rc8 24. f4 Bf8 25. Ra7 b4 26. Bd4 Rc6 27. Kg2 f6 28. Kf3 h6 29.
Ke4 h5 30. Kd3 Bd6 31. Ke4 Bf8 32. h3 Bd6 33. Rb7 Bf8 34. Rb6 Rc2 35. Rxe6 Rxf2 36. Rxa6 Rh2 37. a4 bxa3 38. bxa3 Rxh3 39. a4 Rh1 40. Ra8 Kf7 41. a5 Rh2 42. a6 Ra2 43. a7 h4 44. Rb8 h3 45. a8=Q Rxa8 46. Rxa8 1-0

[Event "*** Titled Tuesday Blitz"]
[Site "Chess.com"]
[Date "2020.05.26"]
[Round "2"]
[White "Baby_Shak"]
[Black "SameerMujumdar"]
[Result "0-1"]
[WhiteElo "2620"]
[BlackElo "2309"]
[TimeControl "180+1"]
[EndTime "10:17:44 PDT"]
[Termination "SameerMujumdar won on time"]

1. d4 Nf6 2. Bf4 g6 3. Nc3 Bg7 4. e4 d6 5. f3 Nc6 6. Qd2 O-O 7. O-O-O a6 8. Bh6 e5 9. Bxg7 Kxg7 10. Nge2 b5 11. g4 b4 12. Nd5 Nxd5 13. exd5 Nxd4 14. Nxd4 exd4 15. Qxd4+ Qf6 16. Qxb4 Qxf3 17. Bd3 Qxg4 18. Qc3+ Kg8 19. Rdf1 Qg5+ 20. Kb1 Qxd5 21. Bc4 Qe5 22. Qd3 Rb8 23. Bb3 Bf5 24. Qd2 a5 25. Re1 Qg7 26. Qxa5 c5 27. Qa4 Rb4 28. Qa5 Rfb8 29. Ka1 Bxc2 30.
Re2 Bxb3 31. axb3 Rxb3 32. Rhe1 h6 0-1

[Event "*** Titled Tuesday Blitz"]
[Site "Chess.com"]
[Date "2020.05.26"]
[Round "2"]
[White "BronceYSueno"]
[Black "Chess_Boxer123"]
[Result "0-1"]
[WhiteElo "2304"]
[BlackElo "2717"]
[TimeControl "180+1"]
[EndTime "10:17:44 PDT"]
[Termination "Chess_Boxer123 won by resignation"]

1. Nf3 d5 2. c4 c6 3. g3 Nf6 4. Bg2 Bf5 5. cxd5 cxd5 6. Qb3 Qb6 7. Qxb6 axb6 8. d3 Nc6 9. O-O e5 10. Bg5 Be7 11. Nc3 d4 12. Bxf6 Bxf6 13. Nd5 Bd8 14. Nd2 Be6 15. Rfc1 Kd7 16. Nc4 Ra6 17. a3 b5 18. Nd2 f6 19. Rc5 b4 20. Nb3 Bb6 21. Nxb6+ Rxb6 22. Bd5 Ra8 23. Bxe6+ Kxe6 24. a4 Rba6 25.
a5 Kd6 26. Kf1 b6 27. Rc4 b5 28. Rcc1 Nxa5 29. Nd2 Nc6 30. Ne4+ Kc7 31. Rxa6 Rxa6 32.
Nc5 Ra2 33. Ne6+ Kb6 34. Nxg7 Rxb2 35. Ne8 b3 36. Nxf6 Rc2 37. Rb1 b2 38. Kg2 Nb4 39. Ne4 Na2 40. g4 Nc3 41. Nxc3 dxc3 0-1

[Event "*** Titled Tuesday Blitz"]
[Site "Chess.com"]
[Date "2020.05.26"]
[Round "2"]
[White "MidnightFox"]
[Black "Bastiandash"]
[Result "1-0"]
[WhiteElo "2406"]
[BlackElo "2129"]
[TimeControl "180+1"]
[EndTime "10:17:44 PDT"]
[Termination "MidnightFox won on time"]

1. e4 c5 2. Nf3 e6 3. d4 cxd4 4. Nxd4 a6 5. Bd3 Bc5 6. Nb3 Be7 7. Qg4 g6 8. Nc3 Nf6 9. Qe2 d6 10. Be3 Nbd7 11. O-O-O Qc7 12. g4 b5 13. g5 Nh5 14.
Rhe1 O-O 15. f4 b4 16. Nb1 a5 17. Nd4 Nc5 18. Nd2 Nxd3+ 19. Qxd3 Ba6 20. Qb3 Rfc8 21. Kb1 Rcb8 22. Nxe6 fxe6 23. Qxe6+ Kh8 24. Bd4+ Ng7 25. Bxg7+ Kxg7 26. f5 Bxg5 27. Nf3 Bf6 28. e5 Bd8 29. f6+ Kf8 30. Ng5 Bc4 31. Qh3 Rb7 32. exd6 1-0

[Event "*** Titled Tuesday Blitz"]
[Site "Chess.com"]
[Date "2020.05.26"]
[Round "2"]
[White "Pavalamalli"]
[Black "Roman_Ovetchkin"]
[Result "1-0"]
[WhiteElo "2285"]
[BlackElo "2612"]
[TimeControl "180+1"]
[EndTime "10:17:45 PDT"]
[Termination "Pavalamalli won on time"]

1. e4 c6 2. d4 d5 3. exd5 cxd5 4. Bf4 Nc6 5. c3 Nf6 6. h3 Bf5 7. Nf3 a6 8. Nbd2 e6 9. Be2 Bd6 10. Bxd6 Qxd6 11. O-O O-O 12. Re1 Rfe8 13. Bf1 Qc7 14. Ne5 Nxe5 15. dxe5 Nd7 16. Nf3 Be4 17. Bd3 Bxf3 18.
Qxf3 Nxe5 19. Bxh7+ Kxh7 20. Qh5+ Kg8 21. Rxe5 g6 22.
Qg5 Kg7 23. Re3 Qe7 24. Qe5+ Qf6 25. Qg3 Rad8 26. Rae1 Rh8 27. Qc7 Rh5 28. Rf3 Rf5 29. Rxf5 gxf5 30. Qxb7 d4 31. cxd4 Qxd4 32. Qxa6 Qxb2 33.
Qe2 Rd2 34. Qf3 Qxa2 35. Qg3+ Kf8 36. Rc1 Rd8 37. Qh4 Qb2 38. Qxd8+ 1-0

[Event "*** Titled Tuesday Blitz"]
[Site "Chess.com"]
[Date "2020.05.26"]
[Round "2"]
[White "hitaman"]
[Black "EfM13"]
[Result "1-0"]
[WhiteElo "2596"]
[BlackElo "2292"]
[TimeControl "180+1"]
[EndTime "10:17:46 PDT"]
[Termination "hitaman won on time"]

1. e4 g6 2. d4 Bg7 3. f4 d6 4. Nf3 Nf6 5. Nc3 O-O 6. Bd3 Nbd7 7. e5 Ne8 8. h4 c5 9. e6 fxe6 10. h5 cxd4 11. Ne4 Nc5 12. Nxc5 Qa5+ 13. Bd2 Qxc5 14. hxg6 h6 15. Qe2 b5 16. O-O-O Rb8 17. g4 Bb7 18.
Qxe6+ Kh8 19. Ng5 Bd5 20. Qxe7 Rb7 21. Qe2 Bxh1 22. Nf7+ Rbxf7 23. gxf7 Nf6 24. Rxh1 Qd5 25. Rg1 Qxa2 26. Kd1 Qxb2 27. g5 Qa1+ 28. Bc1 Nd5 29. Qe6 Nc3+ 30. Kd2 Qa5 31. Qg6 Nb1+ 32. Ke2 Nc3+ 33.
Kf3 1-0

[Event "*** Titled Tuesday Blitz"]
[Site "Chess.com"]
[Date "2020.05.26"]
[Round "2"]
[White "Angry_Twin"]
[Black "axvesik"]
[Result "1-0"]
[WhiteElo "2844"]
[BlackElo "2540"]
[TimeControl "180+1"]
[EndTime "10:17:47 PDT"]
[Termination "Angry_Twin won by resignation"]

1. e4 e6 2. d4 d5 3. Nd2 c5 4. exd5 Qxd5 5. Ngf3 cxd4 6. Bc4 Qd7 7. O-O Nc6 8. Nb3 a6 9. Nbxd4 Nxd4 10. Nxd4 Qc7 11.
Bb3 Bd6 12. h3 Nf6 13. Qf3 O-O 14. Bg5 Be5 15. c3 Bd7 16. Rac1 Rac8 17. Rfe1 h6 18. Be3 Rfd8 19. Qe2 Bh2+ 20. Kh1 Bd6 21. Qf3 Bc5 22. Kg1 b5 23. Bxh6 Be7 24. Bf4 Qb6 25. Be5 b4 26.
cxb4 Qxb4 27. Red1 a5 28. Rxc8 Rxc8 29. Nc2 Qb5 30. Bc3 a4 31. Nd4 Qb6 32. Bc2 a3 33. bxa3 Bxa3 34. Bb3 Be7 35. Ne2 Bc6 36. Qg3 Be4 37.
Bd4 Qa6 38. Nc3 Bf5 39. Be5 Qa5 40. Ne2 Qc5 41. Nd4 Bg6 42. Nxe6 fxe6 43. Bxe6+ Kf8 44. Bxc8 Qxc8 45. Qxg6 Qe6 46. Bxf6 Bxf6 47. Rd8+ 1-0

[Event "*** Titled Tuesday Blitz"]
[Site "Chess.com"]
[Date "2020.05.26"]
[Round "2"]
[White "MathiasWomacka"]
[Black "MiroVlasenko"]
[Result "0-1"]
[WhiteElo "2384"]
[BlackElo "2669"]
[TimeControl "180+1"]
[EndTime "10:17:47 PDT"]
[Termination "MiroVlasenko won on time"]

1. e4 Nc6 2. Nf3 d6 3. d4 Nf6 4. Nc3 g6 5. d5 Nb8 6. h3 Bg7 7. Be2 O-O 8. O-O c6 9. Re1 Nbd7 10. Bf4 Qb6 11. Rb1 Re8 12. Nd2 a6 13. Nc4 Qc7 14. Bf3 cxd5 15. Ne3 dxe4 16. Nxe4 Nxe4 17. Bxe4 Nf6 18.
Bf3 Be6 19. c4 Rac8 20. b3 b5 21. Rc1 Qa5 22. Re2 bxc4 23. Nxc4 Bxc4 24. bxc4 Qb4 25. Rec2 Nd7 26. Rb1 Qa5 27. Bg4 Rc7 28. Bxd7 Rxd7 29. c5 e5 30. c6 Rc7 31. Be3 Qa4 32. Rb7 Rec8 33. Rxc7 Rxc7 34. Qxd6 Qa5 35. Rc5 Qb6 36. Rc1 Qb8 0-1

[Event "*** Titled Tuesday Blitz"]
[Site "Chess.com"]
[Date "2020.05.26"]
[Round "2"]
[White "Anton_Demchenko"]
[Black "Julianos82"]
[Result "1-0"]
[WhiteElo "2840"]
[BlackElo "2315"]
[TimeControl "180+1"]
[EndTime "10:17:47 PDT"]
[Termination "Anton_Demchenko won by resignation"]

1. e4 c5 2. Nf3 b6 3. d4 cxd4 4. Nxd4 Bb7 5. Nc3 a6 6. Be3 e6 7. f3 Qc7 8. Qd2 Nf6 9. O-O-O Bb4 10. Kb1 O-O 11. a3 Bxc3 12. Qxc3 Qxc3 13. bxc3 Nc6 14. Nb3 d5 15. e5 Nd7 16. f4 b5 17. h4 Rac8 18.
Bd3 Ne7 19. Kb2 Rc7 20. Rh3 Rfc8 21. Bf2 d4 22. cxd4 Bxg2 23. Rg3 Bd5 24. Rdg1 g6 25.
h5 Nf5 26. Rh3 Bxb3 27. cxb3 Nb6 28. hxg6 fxg6 29. Rf3 Nd5 30. Re1 b4 31. axb4 Nxb4 32. Be4 a5 33. Re2 Ra7 34. d5 Nxd5 35. Bxd5 Ra6 36.
Bc4 Rac6 37. Rc3 a4 38. Bxe6+ Kg7 39. Bxc8 1-0

[Event "*** Titled Tuesday Blitz"]
[Site "Chess.com"]
[Date "2020.05.26"]
[Round "2"]
[White "grunbergmihai"]
[Black "BJthechessgod"]
[Result "0-1"]
[WhiteElo "2374"]
[BlackElo "2120"]
[TimeControl "180+1"]
[EndTime "10:17:47 PDT"]
[Termination "BJthechessgod won on time"]

1. e4 c5 2. Nf3 Nc6 3. d4 cxd4 4. Nxd4 g6 5. c4 Nf6 6. Nc3 d6 7. Be2 Nxd4 8. Qxd4 Bg7 9. Bg5 O-O 10. f3 Be6 11. Qd2 a5 12. Rc1 a4 13. O-O Qa5 14. Rfd1 Rfc8 15.
Nd5 Qxd2 16. Rxd2 Bxd5 17. exd5 h6 18. Be3 Nd7 19. Kf2 Nc5 20. h4 Rc7 21. g4 a3 22.
b3 Bb2 23. Rb1 Bf6 24. Kg3 Be5+ 25. Kg2 Rac8 26. b4 Na4 27. Rb3 Bb2 28. Bxh6 Nc3 29.
Bd3 Nxa2 30. Be3 Nxb4 31. Rdxb2 Nxd3 32. Ra2 Ne5 33. c5 Nc4 34. cxd6 Nxe3+ 35. Rxe3 Rc2+ 36.
Re2 Rxe2+ 37. Rxe2 exd6 38. Ra2 Ra8 39. Kf2 b5 40. Ke3 b4 0-1

[Event "*** Titled Tuesday Blitz"]
[Site "Chess.com"]
[Date "2020.05.26"]
[Round "2"]
[White "JoySpaceman"]
[Black "avantage_ru"]
[Result "1-0"]
[WhiteElo "2508"]
[BlackElo "2722"]
[TimeControl "180+1"]
[EndTime "10:17:48 PDT"]
[Termination "JoySpaceman won on time"]

1. d4 Nf6 2. Nc3 d5 3. Bf4 e6 4. e3 a6 5. Nf3 c5 6. dxc5 Bxc5 7.
Bd3 b5 8. O-O Bb7 9. Ne5 Nbd7 10. Ne2 O-O 11. c3 Re8 12. Ng3 g6 13. Re1 Bf8 14. e4 Nc5 15. Bc2 Nfxe4 16. Qf3 Bg7 17.
b4 Nd7 18. Nxd7 Qxd7 19. Nxe4 dxe4 20. Bxe4 Bxe4 21. Rxe4 Rac8 22. Re3 Qc6 23. Qe2 Qc4 24. Qf3 e5 25. Bg5 e4 26. Qf4 Be5 27. Qh4 f5 28. g3 Qe6 29. Rc1 Qxa2 30. g4 f4 31. Rxe4 f3 32. Rce1 Qd5 33. Bf6 Rc4 34. Rxe5 Rxe5 35.
Bxe5 Qd7 36. h3 1-0